 Dungeon Crawl Stone Soup version 0.30.0-2-g1aa4bd4387 (webtiles) character file.

Game seed: 17346532714710759869

315 Byczy the Shooter (level 6, -2/30 HPs)
             Began as a Spriggan Hunter on May 7, 2023.
             Was a Priest of Uskayaw.
             Slain by a bullfrog (7 damage)
             ... in a sewer.
             The game lasted 00:24:15 (2739 turns).

Byczy the Shooter (Spriggan Hunter)                 Turns: 2739, Time: 00:24:15

Health: -2/30      AC:  2    Str: 12    XL:     6   Next: 20%
Magic:  7/7        EV: 23    Int: 11    God:    Uskayaw [***...]
Gold:   160        SH:  0    Dex: 20    Spells: 5/5 levels left

rFire   x . .        a - +0 shortbow
rCold   + . .        (shield currently unavailable)
rNeg    . . .        c - +0 robe
rPois   .            (helmet restricted)
rElec   +            m - scarf {shadows}
rCorr   .            (gloves unavailable)
SInv    +            (boots unavailable)
Will    ++...        y - amulet "Plog" {Faith -Cast rElec Will+ Str+5}
Stlth   ++           d - ring of ice
HPRegen 0.25/turn    x - +5 ring of evasion
MPRegen 0.10/turn

%: no spellcasting, faith
@: hasted, very quick
A: very small, no large weapons, unfitting armour, see invisible, speed 3
a: Renounce Religion, Stomp, Line Pass


You were in a sewer.
You worshipped Uskayaw.
Uskayaw was noncommittal.
You visited 2 branches of the dungeon, and saw 5 of its levels.
You also visited: Sewer.

You collected 220 gold pieces.
You spent 60 gold pieces at shops.

Inventory:

Hand Weapons
 a - a +0 shortbow (weapon)
 i - a +1 heavy trident
 o - a +2 dagger of draining
 v - a +0 dagger
Armour
 c - a +0 robe (worn)
 l - a +0 helmet
 m - a scarf of shadows (worn)
 D - a +0 helmet
Jewellery
 d - a ring of ice (left hand)
 w - an amulet of the acrobat
 x - a +5 ring of evasion (right hand)
 y - the amulet "Plog" (around neck) {Faith -Cast rElec Will+ Str+5}
   (You found it on level 3 of the Dungeon)

   [amulet of faith]

   It allows you to gain divine favour quickly.
   Str:       It affects your strength (+5).
   rElec:     It insulates you from electricity.
   -Cast:     It prevents spellcasting.
   Will:      It increases your willpower.
 z - a ring of ice
Scrolls
 b - a scroll of immolation
 g - a scroll of fog {unknown}
 k - 3 scrolls of enchant armour {unknown}
 n - a scroll of acquirement {unknown}
 p - 3 scrolls of identify {unknown}
 s - a scroll of magic mapping {unknown}
 A - a scroll of poison {unknown}
 C - a scroll of silence {unknown}
Potions
 e - a potion of resistance {unknown}
 f - a potion of magic {unknown}
 h - a potion of berserk rage {unknown}
 j - a potion of attraction {unknown}
 q - 2 potions of curing {unknown}
 r - 2 potions of lignification {unknown}
 t - 2 potions of flight {unknown}
 u - a potion of degeneration {unknown}
 B - a potion of haste


   Skills:
 + Level 2.2 Fighting
 + Level 6.9 Ranged Weapons
 + Level 3.5 Dodging
 + Level 2.0 Stealth


You had 5 spell levels left.
You didn't know any spells.
Your spell library contained the following spells:

 Spells                   Type           Power      Damage    Failure   Level
 Shock                    Conj/Air       0%         1d3       34%         1
 Swiftness                Air            0%         N/A       71%         3
 Airstrike                Air            0%         2d(0-16)  98%         4
 Summon Forest            Summ/Tloc      0%         N/A       100%        5
 Eringya's Noxious Bog    Tmut/Pois      0%         N/A       100%        6
 Summon Hydra             Summ           0%         N/A       100%        7


Dungeon Overview and Level Annotations

Branches:
Dungeon (4/15)             Temple (1/1) D:4           Sewer (1/1)

Altars:
Ashenzari
Dithmenos
Elyvilon
Gozag
Kikubaaqudgha
Makhleb
Nemelex Xobeh
Uskayaw
Xom
Zin
The Shining One

Shops:
D:2 !


Innate Abilities, Weirdness & Mutations

You are very small and have problems with some larger weapons.
You are too small for most types of armour.
You have supernaturally acute eyesight. (SInv)
You cover ground extremely quickly. (Speed+++)


Message History

Press: ? - help, Q - select action, (/) - cycle Shift-Dir - straight line, f/p - bullfrog
Aim: a bullfrog (severely wounded, paralysed, 98% to hit)
You shoot an arrow.
The arrow hits the bullfrog but does no damage.
The bullfrog is severely wounded.
The bullfrog is no longer paralysed.
The bullfrog closely misses you.
Fire: a) +0 shortbow
Press: ? - help, Q - select action, (/) - cycle Shift-Dir - straight line, f/p - bullfrog
Aim: a bullfrog (severely wounded, 60% to hit)
You shoot an arrow. The arrow barely misses the bullfrog.
The bullfrog hits you. The bullfrog barely misses you.
Fire: a) +0 shortbow
Press: ? - help, Q - select action, (/) - cycle Shift-Dir - straight line, f/p - bullfrog
Aim: a bullfrog (severely wounded, 60% to hit)
You shoot an arrow. The arrow closely misses the bullfrog.
The bullfrog closely misses you. The bullfrog hits you.
Fire: a) +0 shortbow
Press: ? - help, Q - select action, (/) - cycle Shift-Dir - straight line, f/p - bullfrog
Aim: a bullfrog (severely wounded, 60% to hit)
You shoot an arrow. The arrow hits the bullfrog.
The bullfrog is almost dead.
The bullfrog closely misses you. The bullfrog hits you.
Fire: a) +0 shortbow
Press: ? - help, Q - select action, (/) - cycle Shift-Dir - straight line, f/p - bullfrog
Aim: a bullfrog (almost dead, 60% to hit)
You shoot an arrow. The arrow barely misses the bullfrog.
The bullfrog misses you.
Unknown command.
Fire: a) +0 shortbow
Press: ? - help, Q - select action, (/) - cycle Shift-Dir - straight line, f/p - bullfrog
Aim: a bullfrog (almost dead, 60% to hit)
You shoot an arrow.
The arrow hits the bullfrog but does no damage.
The bullfrog is almost dead.
The bullfrog completely misses you. The bullfrog hits you!
* * * LOW HITPOINT WARNING * * *
It was a potion of haste.
You feel yourself speed up.
The bullfrog hits you but does no damage.
The bullfrog hits you!
You die...

#...~###~~.###~~.#
#~~~##~~~~~.~##~~##
##~~##~~~~~~~~~##~~##
#~~.#~~.~.~~~.~~~~~~#
#~.##~.~#######~.~~.#
#~~#.~~##≈~~.~###~#######
~~~#.†##≈~~.~~.~###~~~.~#
~†##~~#≈~~.~~.~F..#~....#
.~#~~##≈~."~.†##@.#~~~.~#
~†#~~# ~.?)$~~~#..#~~#.~#
~~#~†# ~.!?~~~.#~~#..#†.#
.~#~.# ~~).~~.~#~~##~#†~#
~~#~†# ≈..~~~~≈#~~~#~#~~#
~~#~~# ≈~~~~~~≈#~~∩#~#.~#
~~#~.##≈≈.~.~≈##.~~#†#~.#
.~##~.# #~.###.#.~#
~~~#~~## ##~~#~~.#†.#


You could see a bullfrog.

Vanquished Creatures
  A scorpion (D:2)
  Robin (D:3)
  3 gnolls (D:2)
  9 adders
  3 dart slugs
  A worm (D:3)
  2 orcs
  8 ball pythons
  12 endoplasms
  8 giant cockroaches
  12 goblins
  11 hobgoblins
  2 jackals (D:3)
  12 quokkas
  2 bats
  18 frilled lizards
  8 kobolds
  8 rats
121 creatures vanquished.

Notes
Turn   | Place    | Note
-------+----------+-------------------------------------------
     0 | D:1      | Byczy the Spriggan Hunter began the quest for the Orb.
     0 | D:1      | Reached XP level 1. HP: 10/10 MP: 2/2
   188 | D:1      | Reached XP level 2. HP: 14/14 MP: 3/3
   602 | D:2      | Found Aneul's Distillery.
   623 | D:2      | Bought a potion of heal wounds for 60 gold pieces
   686 | D:2      | Reached XP level 3. HP: 18/18 MP: 4/4
   698 | D:2      | Noticed a scorpion
   745 | D:2      | Killed a scorpion
   746 | D:2      | Reached skill level 5 in Ranged Weapons
   746 | D:2      | Reached XP level 4. HP: 23/23 MP: 5/5
  1302 | D:3      | Reached XP level 5. HP: 26/26 MP: 6/6
  1325 | D:3      | Reached skill level 6 in Ranged Weapons
  1493 | D:3      | Noticed Robin
  1497 | D:3      | Killed Robin
  1502 | D:3      | Found a hide-covered altar of Uskayaw.
  1780 | D:3      | Identified the amulet "Plog" {Faith -Cast rElec Will+
                  | Str+5}
  2134 | D:3      | Became a worshipper of Uskayaw the Reveller
  2204 | D:4      | Found a staircase to the Ecumenical Temple.
  2212 | Temple   | Entered the Ecumenical Temple
  2289 | D:4      | Reached * piety under Uskayaw
  2363 | D:4      | Reached ** piety under Uskayaw
  2371 | D:4      | Reached *** piety under Uskayaw
  2442 | D:4      | Found a glowing silver altar of Zin.
  2442 | D:4      | Found a shimmering altar of Xom.
  2442 | D:4      | Noticed an angel
  2481 | D:4      | Found a glowing drain.
  2485 | Sewer    | Entered a sewer
  2533 | Sewer    | Reached XP level 6. HP: 30/30 MP: 7/7
  2739 | Sewer    | Slain by a bullfrog

Illustrated notes

Levels and vault maps discovered:
D:1:      lightli_arrival_boilingwater, layout_basic, minmay_lizard_pond
D:2:      layout_basic, serial_shops, nicolae_shop_advertising_works
          [nicolae_subvault_shop_adworks], minivault_4
D:3:      layout_loops_ring, nicolae_uskayaw_dance_hall, minivault_23,
          uniq_robin
D:4:      layout_loops_ring, grunt_temple_overflow_order_and_chaos_1,
          lemuel_crystal_altar, minmay_temple_entry_metal_lava,
          gup_sewer_entry_bowl, grunt_decor_junction
Temple:   hellmonk_temple_micro_hex
Sewer:    sewer_frog_island_02

Skill      XL: |  1  2  3  4  5 |
---------------+----------------+-----
Ranged Weapons | 5 6 |  6.9
Dodging        | 3 |  3.5
Fighting       | 2 |  2.2
Stealth        | 2 |  2.0

Action                     |  1- 3 |  4- 6 || total
---------------------------+-------+-------++-------
   Fire: Shortbow          |    72 |   266 ||   338
    Use: Potion            |       |     2 ||     2
 Armour: Robe              |     4 |     7 ||    11
  Dodge: Dodged            |    27 |    95 ||   122
